 Dungeon Crawl Stone Soup version 0.31-a0-810-ga77100ea1a (webtiles) character file.

Game seed: 8693439363427375835

2881 CowFu the Severer (level 9, -11/70 HPs)
             Began as a Minotaur Fighter on Sept 21, 2023.
             Was an Elder of Dithmenos.
             Mangled by an orc knight
             ... wielding a +0 war axe
              (12 damage)
             ... in a bailey.
             The game lasted 00:08:04 (6026 turns).

CowFu the Severer (Minotaur Fighter)                Turns: 6026, Time: 00:08:04

Health: -11/70     AC:  8    Str: 25    XL:     9   Next: 48%
Magic:  8/8        EV: 10    Int:  5    God:    Dithmenos [****..]
Gold:   290        SH:  5    Dex: 15    Spells: 8/8 levels left

rFire   . . .        a - +0 war axe (venom)
rCold   . . .        c - +0 buckler
rNeg    . . .        b - +2 ring mail of Kaqaluig {Dex+5}
rPois   .            (helmet restricted)
rElec   .            k - +0 cloak
rCorr   .            (no gloves)
SInv    .            (no boots)
Will    .....        (no amulet)
Stlth   +            (no ring)
HPRegen 0.31/turn    (no ring)
MPRegen 0.11/turn

%: no passive effects
@: mighty, slowed, wreathed by umbra, very slow
A: horns 2, retaliatory headbutt
a: Renounce Religion, Shadow Step


You were in a bailey.
You worshipped Dithmenos.
Dithmenos was greatly pleased with you.
You visited 2 branches of the dungeon, and saw 8 of its levels.
You also visited: Sewer and Bailey.

You collected 380 gold pieces.
You spent 90 gold pieces at shops.

Inventory:

Hand Weapons
 a - a +0 war axe of venom (weapon)
Missiles
 y - 2 throwing nets
Armour
 b - the +2 ring mail of Kaqaluig (worn) {Dex+5}
   (You found it on level 6 of the Dungeon)

   Dex+5:     It affects your dexterity (+5).
 c - a +0 buckler (worn)
 k - a +0 cloak (worn)
Wands
 e - a wand of mindburst (8)
 o - a wand of roots (8)
Scrolls
 g - 5 scrolls of poison
 m - a scroll of teleportation
 p - 2 scrolls of fear
 w - 2 scrolls of identify
Potions
 d - a potion of might
 f - 7 potions of brilliance
 h - 2 potions of enlightenment
 i - 2 potions of cancellation
 j - 3 potions of haste
 l - 3 potions of curing
 n - 2 potions of berserk rage
 q - a potion of mutation {unknown}
 v - a potion of ambrosia {unknown}
 x - a potion of lignification {unknown}


   Skills:
 - Level 3.6 Fighting
 + Level 15.5 Axes
 - Level 3.6 Armour
 - Level 3.6 Shields


You had 8 spell levels left.
You didn't know any spells.
Your spell library contained the following spells:

 Spells                   Type           Power      Damage    Failure   Level
 Summon Small Mammal      Summ           0%         N/A       67%         1
 Call Canine Familiar     Summ           0%         N/A       96%         3
 Summon Guardian Golem    Hex/Summ       0%         N/A       96%         3


Dungeon Overview and Level Annotations

Branches:
Dungeon (7/15)             Temple (1/1) D:5           Sewer (visited)
 Bailey (1/1)

Altars:
Ashenzari
Cheibriados
Dithmenos
Elyvilon
Fedhas
Gozag
Hepliaklqana
Kikubaaqudgha
Makhleb
Nemelex Xobeh
Okawaru
Qazlal
Ru
Sif Muna
Trog
Uskayaw
Wu Jian
Xom
Yredelemnul
Zin
The Shining One

Shops:
D:1 (


Innate Abilities, Weirdness & Mutations

You have a pair of horns on your head.
You reflexively headbutt those who attack you in melee.


Message History

The kobold brigand hits you but does no damage.
The kobold brigand barely misses you.
You miss the kobold brigand.
The kobold brigand is severely wounded.
You hit the kobold brigand but do no damage.
The kobold brigand looks as sick as possible!
You closely miss the kobold brigand.
You feel sick.
You are no longer poisoned.
The kobold brigand misses you. x2; You furiously retaliate!
You headbutt the kobold brigand.
The kobold brigand hits you with a +0 war axe.
You barely miss the kobold brigand.
The kobold brigand is severely wounded.
You slash the kobold brigand! x2
The kobold brigand looks as sick as possible!
The kobold brigand barely misses you. You furiously retaliate!
You headbutt the kobold brigand.
The kobold brigand hits you with a +0 war axe!
You block the kobold brigand's attack.
You hit the kobold brigand.
You kill the kobold brigand!
Dithmenos accepts your kill.
You hit the orc knight but do no damage.
The orc knight is poisoned.
You slash the kobold brigand!
You kill the kobold brigand!
Dithmenos accepts your kill.
You hit the kobold brigand.
The kobold brigand looks as sick as possible!
The orc knight hits you with a +0 war axe!
The kobold brigand hits you with a +0 war axe.
* * * LOW HITPOINT WARNING * * *
You are too injured to fight recklessly!
You feel very mighty all of a sudden. The orc warrior barely misses you.
The kobold brigand barely misses you.
The orc knight hits you with a +0 war axe!!
* * * LOW HITPOINT WARNING * * *
The orc warrior closely misses you. You furiously retaliate!
You headbutt the orc warrior.
The orc knight hits you with a +0 war axe!
You die...

...... .........
........ ...... #.K.
###K### ##.ooo.##
#.)@8o..# #∩(.K..∩#
##.....## ####'''####
##~.......~##
#####~~.......~~#####
#....~~.......~~....#
#.###~~.......~~###.#
#....~~.......~~....#


You could see an orc knight (poisoned), 3 orc warriors and 3 kobold brigands.

Vanquished Creatures
  The ghost of ratmeat3 the Chopper, a novice FoFi of Okawaru (D:5)
  Eustachio (D:6)
  A water moccasin (D:7)
  A black bear (D:5)
  Pargi (Sewer)
  2 ice beasts (D:7)
  An ogre (D:5)
  A phantom (D:5)
  6 kobold brigands
  A bullfrog (D:7)
  A gnoll sergeant (D:5)
  A scorpion (D:5)
  6 killer bees (D:5)
  3 jellies
  4 hounds
  3 orc priests
  Crazy Yiuf (D:2)
  An iguana (D:5)
  2 sleepcaps
  4 orc wizards
  8 gnolls
  10 adders
  A river rat (D:4)
  2 shadow imps (D:5)
  2 white imps
  2 ufetubi
  3 worms
  2 dart slugs
  15 orcs
  4 bats
  10 endoplasms
  7 giant cockroaches
  6 goblins
  4 hobgoblins
  23 kobolds
  3 quokkas
  6 ball pythons
  3 frilled lizards
  7 rats
160 creatures vanquished.

Notes
Turn   | Place    | Note
-------+----------+-------------------------------------------
     0 | D:1      | CowFu the Minotaur Fighter began the quest for the Orb.
     0 | D:1      | Reached XP level 1. HP: 19/19 MP: 0/0
   268 | D:1      | Found Umeces's Weapon Shop.
   344 | D:1      | Reached skill level 3 in Axes
   573 | D:1      | Found a faded altar of an unknown god.
   616 | D:1      | Prayed at the altar of an unknown god.
   616 | D:1      | Became a worshipper of Dithmenos the Shadowed
   616 | D:1      | Reached * piety under Dithmenos
   643 | D:2      | Reached XP level 2. HP: 26/26 MP: 1/1
   737 | D:2      | Reached skill level 4 in Axes
   752 | D:2      | Found a glowing silver altar of Zin.
   792 | D:2      | Reached XP level 3. HP: 29/31 MP: 2/2
   829 | D:2      | Reached ** piety under Dithmenos
   900 | D:2      | Found a runed translucent door.
   901 | D:2      | Noticed Crazy Yiuf
   907 | D:2      | Killed Crazy Yiuf
   908 | D:2      | Reached skill level 5 in Axes
  1036 | D:2      | Reached XP level 4. HP: 20/39 MP: 3/3
  1369 | D:3      | Reached skill level 6 in Axes
  1470 | D:3      | Reached XP level 5. HP: 34/45 MP: 4/4
  1780 | D:3      | Found a faded altar of an unknown god.
  1783 | D:3      | Found a stormy altar of Qazlal.
  2203 | D:4      | Found a bloodstained altar of Trog.
  2340 | D:4      | Reached skill level 7 in Axes
  2368 | D:4      | Reached *** piety under Dithmenos
  2379 | D:4      | Found a glowing drain.
  2384 | Sewer    | Entered a sewer
  2422 | Sewer    | Noticed Pargi
  2429 | Sewer    | Killed Pargi
  2430 | Sewer    | Reached XP level 6. HP: 36/51 MP: 5/5
  2671 | D:4      | Reached skill level 8 in Axes
  3118 | D:5      | Entered Level 5 of the Dungeon
  3139 | D:5      | Reached skill level 9 in Axes
  3139 | D:5      | Reached XP level 7. HP: 44/57 MP: 6/6
  3347 | D:5      | Reached skill level 10 in Axes
  3613 | D:5      | Reached skill level 11 in Axes
  3789 | D:5      | Found a sparkling altar of Nemelex Xobeh.
  3821 | D:5      | Reached XP level 8. HP: 64/64 MP: 7/7
  3972 | D:5      | Found a staircase to the Ecumenical Temple.
  3978 | D:5      | Reached skill level 12 in Axes
  4076 | D:5      | Found a runed translucent door.
  4076 | D:5      | Noticed ratmeat3's ghost (novice FoFi)
  4133 | D:5      | Found Zin's Purification Station.
  4137 | D:5      | Found a glowing silver altar of Zin.
  4140 | D:5      | Bought a potion of curing for 90 gold pieces
  4354 | D:5      | Killed ratmeat3's ghost
  4354 | D:5      | Reached **** piety under Dithmenos
  4355 | D:5      | Reached skill level 13 in Axes
  4439 | Temple   | Entered the Ecumenical Temple
  4560 | D:6      | Noticed Eustachio
  4574 | D:6      | Killed Eustachio
  4745 | D:6      | Reached skill level 14 in Axes
  4745 | D:6      | Reached XP level 9. HP: 60/70 MP: 8/8
  4866 | D:6      | Identified the +2 ring mail of Kaqaluig {Dex+5}
  5540 | D:7      | Found Ytoyruiq's One-of-a-Kind Rings.
  5648 | D:7      | Found a flagged portal.
  5664 | Bailey   | Entered a bailey
  5726 | Bailey   | Reached skill level 15 in Axes
  6018 | Bailey   | Noticed an orc knight
  6026 | Bailey   | HP: 1/70 [orc knight/+0 war axe (19)]
  6026 | Bailey   | Mangled by an orc knight

Illustrated notes

Levels and vault maps discovered:
D:1:      mrwooster_arrival_statue_3, layout_rooms, serial_shops,
          nicolae_shop_waterfront, dilly_ecumenical_altar_fadedgnrine
D:2:      layout_rooms, basic_altar, uniq_crazy_yiuf_cottage
D:3:      wad_river_or_something, layout_loops_ring,
          nicolae_overflow_ecumenical_swirl, serial_glass, glass_columns_c,
          glass_columns_a, hex_medium
D:4:      layout_basic, bloody_trog, gup_sewer_entry_spiral
D:5:      layout_loops_ring, nemelex_dance_club_becter, zin_purify,
          minmay_temple_entry_slanted, hellmonk_ghost_happy_afterlife,
          lightli_minifort
D:6:      layout_basic, minmay_misc_feat_nine_boxes, uniq_eustachio
D:7:      layout_cave_pools, nicolae_vehumet_altar_sigil,
          lightli_bailey_entry_fortress, minivault_14,
          nicolae_shop_unique_rings, uniq_joseph, uniq_duvessa
Temple:   bh_familiar_temple
Bailey:   bailey_axe_3, bailey

Skill      XL: |  1  2  3  4  5  6  7  8  9 |
---------------+----------------------------+-----
Axes           | 3 4 5 6 7 9 11 14 15 | 15.5
Fighting       | |  3.6
Armour         | |  3.6
Shields        | |  3.6

Action                     |  1- 3 |  4- 6 |  7- 9 || total
---------------------------+-------+-------+-------++-------
  Melee: War axe           |    75 |   146 |   200 ||   421
         Headbutt          |     6 |    15 |    36 ||    57
    Use: Potion            |     1 |       |     4 ||     5
         Scroll            |       |     8 |     8 ||    16
 Armour: Chain mail        |    60 |   105 |    92 ||   257
         Scale mail        |     2 |       |       ||     2
         Ring mail         |       |       |    54 ||    54
  Dodge: Dodged            |    26 |    58 |   101 ||   185
  Block: Buckler           |    27 |    31 |    47 ||   105

Table legend: (Time is in decaauts)
 A = Elapsed time spent in this place.
 B = Non-inter-level travel time spent in this place.
 C = Inter-level travel time spent in this place.
 D = Time resting spent in this place.
 E = Time spent auto-exploring this place.
 F = Levels seen in this place.
 G = Mean time per level.
                   A        B        C        D        E       F      G
               +--------+--------+--------+--------+--------+-----+--------+
         Total |   6152 |   5861 |    291 |      0 |   4302 |  10 |  615.2 |
       Dungeon |   5557 |   5266 |    291 |      0 |   3909 |   7 |  793.9 |
        Temple |      1 |      1 |      0 |      0 |      0 |   1 |    1.0 |
         Sewer |    221 |    221 |      0 |      0 |    132 |   1 |  221.0 |
        Bailey |    371 |    371 |      0 |      0 |    261 |   1 |  371.0 |
               +--------+--------+--------+--------+--------+-----+--------+

Top non-repeatable levels by time:
     D:5: 1350 daAuts
     D:6: 1012 daAuts
     D:4: 975 daAuts
     D:3: 832 daAuts
     D:1: 644 daAuts
     D:2: 573 daAuts
  Bailey: 371 daAuts
   Sewer: 221 daAuts
     D:7: 169 daAuts
  Temple: 1 daAuts
